 Dungeon Crawl Stone Soup version 0.31-a0-795-g5eb97db20b (webtiles) character file.

Game seed: 8335388587176134794

1039 Maratek the Chopper (level 8, -1/48 (54) HPs)
             Began as an Octopode Fighter on Sept 18, 2023.
             Was an Initiate of Gozag.
             Slain by a wight
             ... wielding a +4 scimitar
              (3 damage)
             ... on level 7 of the Dungeon.
             The game lasted 00:09:05 (4852 turns).

Maratek the Chopper (Octopode Fighter)              Turns: 4852, Time: 00:09:06

HP:   -1/48 (54)    AC:  2    Str: 14 (17) XL:     8   Next: 24%
MP:   8/8           EV: 14    Int:  9 (11) God:    Gozag
Gold: 407           SH:  0    Dex: 11 (13) Spells: 7/7 levels left

rFire   + . .        a - +2 hand axe (flame)
rCold   . . .        (no shield)
rNeg    . . .        b - +1 hat of the World {rF+ Dex+2 SInv}
rPois   .            i - amulet of regeneration
rElec   .            d - ring of willpower
rCorr   .            (no ring)
SInv    +            (no ring)
Will    +....        (no ring)
Stlth   ++++         (no ring)
HPRegen 1.08/turn    (no ring)
MPRegen 0.11/turn    (no ring)
                     (no ring)

%: no passive effects
@: hasted, heavily drained, very quick
A: almost no armour, amphibious, 8 rings, camouflage 1, gelatinous body 1,
(nimble swimmer 1), tentacles
a: Renounce Religion, Potion Petition, Call Merchant, Bribe Branch


You were on level 7 of the Dungeon.
You worshipped Gozag.
Gozag was aware of your devotion.
You visited 2 branches of the dungeon, and saw 8 of its levels.

You collected 529 gold pieces.
You paid 122 gold pieces to Gozag.

Inventory:

Hand Weapons
 a - a +2 hand axe of flaming (weapon)
Armour
 b - the +1 hat of the World (worn) {rF+ Dex+2 SInv}
   (You acquired it on level 4 of the Dungeon)

   Dex+2:     It affects your dexterity (+2).
   rF+:       It protects you from fire.
   SInv:      It lets you see invisible.
Jewellery
 d - a ring of willpower (left tentacle)
 i - an amulet of regeneration (around mantle)
Scrolls
 e - a scroll of silence {unknown}
 h - a scroll of revelation {unknown}
 k - 4 scrolls of teleportation
 l - a scroll of noise {unknown}
 n - 2 scrolls of poison {unknown}
 t - a scroll of amnesia {unknown}
Potions
 c - 3 potions of might
 f - a potion of lignification {unknown}
 g - 2 potions of attraction {unknown}
 j - 2 potions of enlightenment {unknown}
 m - a potion of degeneration
 p - a potion of curing {unknown}
 q - a potion of invisibility
 r - a potion of brilliance {unknown}


   Skills:
 + Level 4.8 Fighting
 + Level 7.0 Axes
 + Level 4.1 Dodging
 + Level 5.3 Stealth
 + Level 3.6 Shields


You had 7 spell levels left.
You didn't know any spells.
Your spell library contained the following spells:

 Spells                   Type           Power      Damage    Failure   Level
 Slow                     Hex            0%         N/A       38%         1
 Lesser Beckoning         Tloc           0%         N/A       52%         2
 Poisonous Vapours        Pois/Air       0%         N/A       52%         2
 Scorch                   Fire           0%         2d5       52%         2
 Confusing Touch          Hex            0%         N/A       77%         3
 Gell's Gravitas          Tloc           0%         N/A       77%         3
 Hailstorm                Conj/Ice       0%         3d3       77%         3
 Mephitic Cloud           Conj/Pois/Air  0%         N/A       77%         3
 Sigil of Binding         Hex            0%         N/A       77%         3
 Teleport Other           Tloc           0%         N/A       77%         3
 Vampiric Draining        Necr           0%         2d6       77%         3
 Flame Wave               Conj/Fire      0%         2d4       99%         4
 Summon Ice Beast         Ice/Summ       0%         N/A       99%         4
 Freezing Cloud           Conj/Ice/Air   0%         6-21      100%        5
 Summon Cactus Giant      Summ           0%         N/A       100%        6
 Simulacrum               Ice/Necr       Unusable   N/A       N/A         6

Dungeon Overview and Level Annotations

Branches:
Dungeon (7/15)             Temple (1/1) D:5

Altars:
Ashenzari
Cheibriados
Dithmenos
Elyvilon
Gozag
Nemelex Xobeh
Okawaru
Qazlal
Ru
Sif Muna
Trog
Uskayaw
Vehumet
Xom
Yredelemnul
Zin
The Shining One

Annotations:
D:4 3 runed translucent doors, Vorhees's ghost, amateur DsMo; incide's ghost, amateur DsWn; kagamino's ghost, novice MiFi


Innate Abilities, Weirdness & Mutations

You cannot wear most types of armour.
You are amphibious.
You can wear up to eight rings at the same time.
Your skin changes colour to match your surroundings (Stealth+).
Your rubbery body absorbs attacks. (AC +1, EV +1)
((You are camouflaged when in or above water. (Stealth+)))
You have tentacles for arms and can constrict up to eight enemies at once.


Message History

n - 2 scrolls labelled EPSOCI MYELUAPN (gained 1)
Your +2 hand axe of flaming bursts into flame!
a - a +2 hand axe of flaming (weapon)
You drop a +0 battleaxe.
It was a potion of degeneration.
There was something very wrong with that liquid.
You feel weakened.
You feel dopey.
You feel clumsy.
You see here a +0 battleaxe.
You see here a +0 hand axe.
You see here a +0 flail.
You see here a +0 hand axe.
You see here a +0 battleaxe.
You see here a +0 battleaxe.
You see here a +0 hand axe.
You see here a +0 flail.
Items here: ))) [[.
There is a stone staircase leading up, spattered with blood here.
You climb upwards.
The wight hits you with a +2 short sword.
The wight hits you with a +4 scimitar!
You feel drained. The wight hits you with a +0 battleaxe.
There is a stone staircase leading down here.
You closely miss the wight. You grab the wight. You barely miss the wight.
You hit the wight but do no damage. You constrict the wight.
The wight misses you. The wight hits you with a +4 scimitar!
The wight barely misses you.
You are too injured to fight recklessly!
You are too injured to fight recklessly!
You release your grip on the wight.
The wight closely misses you.
The wight hits you with a +2 short sword.
* * * LOW HITPOINT WARNING * * *
You feel drained. The wight closely misses you. The wight barely misses you.
You climb downwards.
There is a stone staircase leading up, spattered with blood here.
You feel yourself speed up. The wight barely misses you.
The wight hits you with a +4 scimitar!
* * * LOW HITPOINT WARNING * * *
You feel drained.
You die...
Your body crumbles into a pile of gold.

##### #####...# ... ....# #.#
... ### ##.####.# #.# ##.####
........####z###########......
.........)))z@z)..[.........#
.#.####.###z###)............#
### #.# ##########....# #.#
####.# #.# #.# #.# #.# ... #.#
#.# #..


You could see 4 wights.

Vanquished Creatures
  Sigmund (D:5)
  An orc warrior (D:7)
  A scorpion (D:4)
  5 wights
  A hound (D:4)
  A gnoll bouda (D:5)
  An orc priest (D:6)
  2 jellies
  An iguana (D:7)
  2 orc wizards
  A sleepcap (D:5)
  6 adders
  3 gnolls (D:5)
  A shadow imp (D:6)
  A white imp (D:6)
  An ufetubus (D:3)
  A worm (D:2)
  28 orcs
  7 bats
  7 endoplasms
  2 giant cockroaches (D:3)
  8 goblins
  4 hobgoblins
  2 quokkas (D:1)
  7 ball pythons
  A frilled lizard (D:3)
  6 kobolds
  2 rats
104 creatures vanquished.

Notes
Turn   | Place    | Note
-------+----------+-------------------------------------------
     0 | D:1      | Maratek the Octopode Fighter began the quest for the Orb.
     0 | D:1      | Reached XP level 1. HP: 16/16 MP: 1/1
   113 | D:1      | Reached XP level 2. HP: 21/21 MP: 2/2
   864 | D:2      | Reached XP level 3. HP: 26/26 MP: 3/3
  1555 | D:3      | Reached skill level 1 in Stealth
  1798 | D:3      | Reached XP level 4. HP: 23/31 MP: 4/4
  2555 | D:4      | Noticed a scorpion
  2562 | D:4      | Killed a scorpion
  2563 | D:4      | Reached skill level 3 in Axes
  2563 | D:4      | Reached XP level 5. HP: 25/36 MP: 5/5
  2580 | D:4      | You fall into a shaft and drop 2 floors!
  2620 | D:5      | Entered Level 5 of the Dungeon
  2790 | D:4      | Found a glowing golden altar of the Shining One.
  2831 | D:4      | Found a hide-covered altar of Uskayaw.
  2849 | D:4      | Reached skill level 4 in Axes
  2865 | D:4      | Identified a scroll of acquirement
  2867 | D:4      | Acquired the +1 hat of the World {rF+ Dex+2 SInv}
  2948 | D:4      | Reached XP level 6. HP: 29/43 MP: 6/6
  2982 | D:4      | Found a sacrificial altar of Ru.
  3236 | D:4      | Found a runed translucent gate.
  3237 | D:4      | Found a runed translucent gate.
  3238 | D:4      | Found a runed translucent gate.
  3240 | D:4      | Noticed Vorhees's ghost (amateur DsMo)
  3240 | D:4      | Noticed incide's ghost (amateur DsWn)
  3241 | D:4      | Noticed kagamino's ghost (novice MiFi)
  3253 | D:5      | Found a staircase to the Ecumenical Temple.
  3272 | Temple   | Entered the Ecumenical Temple
  3319 | Temple   | Became a worshipper of Gozag Ym Sagoz the Greedy
  3359 | D:5      | Found a basalt altar of Yredelemnul.
  3697 | D:5      | Reached skill level 5 in Axes
  3697 | D:5      | Reached XP level 7. HP: 21/48 MP: 7/7
  3888 | D:5      | Found a shadowy altar of Dithmenos.
  4030 | D:5      | Noticed Sigmund
  4036 | D:5      | Killed Sigmund
  4037 | D:5      | Reached skill level 6 in Axes
  4407 | D:5      | Found a bloodstained altar of Trog.
  4577 | D:6      | Reached XP level 8. HP: 53/54 MP: 8/8
  4783 | D:7      | Reached skill level 5 in Stealth
  4791 | D:7      | Reached skill level 7 in Axes
  4852 | D:7      | HP: 2/50 [wight/+4 scimitar (11)]
  4852 | D:7      | Slain by a wight

Illustrated notes

Levels and vault maps discovered:
D:1:      amcnicky_arrival_gap_in_the_tavern_cellar, layout_rooms,
          dreamdust_princess_corridor, chequers_big_river, minivault_19
D:2:      layout_loops_corners, patterned_corridor
D:3:      layout_basic
D:4:      minmay_bubble_buster, layout_basic, nicolae_ru_the_path_less_chosen,
          old_standard_altar, tso_metal_star, gammafunk_ghost_cemetery
D:5:      layout_layer_cave, nicolae_dithmenos_the_darkroom,
          general_overflow_altar, mainiacjoe_overflow_cross_hatched,
          minmay_temple_entry_mist, serial_bayou_lagoon_b, uniq_sigmund
D:6:      layout_rooms, serial_shops, nicolae_inconvenience_store
D:7:      layout_loops_ring, mainiacjoe_overflow_alcove_1,
          mainiacjoe_overflow_large_starburst, serial_shops, shop_coins,
          uniq_duvessa
Temple:   chequers_temple_sunken

Skill      XL: |  1  2  3  4  5  6  7  8 |
---------------+-------------------------+-----
Stealth        | 1 2 3 4 5 |  5.3
Axes           | 3 4 5 6 7 |  7.0
Fighting       | 4 |  4.8
Dodging        | 4 |  4.1
Shields        | |  3.6

Action                     |  1- 3 |  4- 6 |  7- 9 || total
---------------------------+-------+-------+-------++-------
  Melee: War axe           |    81 |    38 |       ||   119
         Constrict         |    13 |    23 |    16 ||    52
         Tentacles         |    12 |    15 |    11 ||    38
         Punch             |     1 |       |       ||     1
         Battleaxe         |       |    38 |    51 ||    89
         Hand axe          |       |       |     1 ||     1
    Use: Scroll            |       |     5 |     1 ||     6
         Potion            |       |       |     4 ||     4
   Stab: Sleeping          |     4 |     8 |     7 ||    19
         Distracted        |       |       |     2 ||     2
         Invisible         |       |       |     1 ||     1
 Armour: Skin              |    27 |    28 |    28 ||    83
  Dodge: Dodged            |    64 |    33 |    42 ||   139
  Block: Buckler           |    16 |     6 |       ||    22

Table legend: (Time is in decaauts)
 A = Elapsed time spent in this place.
 B = Non-inter-level travel time spent in this place.
 C = Inter-level travel time spent in this place.
 D = Time resting spent in this place.
 E = Time spent auto-exploring this place.
 F = Levels seen in this place.
 G = Mean time per level.
                   A        B        C        D        E       F      G
               +--------+--------+--------+--------+--------+-----+--------+
         Total |   4920 |   4800 |    120 |      2 |   3883 |   8 |  615.0 |
       Dungeon |   4848 |   4728 |    120 |      2 |   3883 |   7 |  692.6 |
        Temple |     72 |     72 |      0 |      0 |      0 |   1 |   72.0 |
               +--------+--------+--------+--------+--------+-----+--------+

Top non-repeatable levels by time:
     D:5: 1250 daAuts
     D:3: 1023 daAuts
     D:2: 943 daAuts
     D:4: 758 daAuts
     D:1: 526 daAuts
     D:6: 227 daAuts
     D:7: 117 daAuts
  Temple: 72 daAuts
